 Dungeon Crawl Stone Soup version 0.28-a0-1505-g8c907de6ad (webtiles) character file.

Game seed: 2604912927734536310

27430 kae the Martial Artist (level 13, -4/117 HPs)
             Began as a Demonspawn Transmuter on Jan 13, 2022.
             Was an Initiate of Ru.
             Slain by a boulder beetle (22 damage)
             ... on level 12 of the Dungeon.
             The game lasted 00:22:56 (27753 turns).

kae the Martial Artist (Demonspawn Transmuter)     Turns: 27753, Time: 00:22:57

Health: -4/117     AC:  8    Str: 16    XL:     13   Next: 4%
Magic:  24/24      EV: 16    Int: 16    God:    Ru [......]
Gold:   1614       SH:  0    Dex: 24    Spells: 19/27 levels left

rFire   x . .      SeeInvis .     - Unarmed
rCold   + + +      Faith    +   (shield currently unavailable)
rNeg    . . .      Spirit   .   (armour currently unavailable)
rPois   +          Reflect  .   (helmet currently unavailable)
rElec   +          Harm     .   (cloak currently unavailable)
rCorr   +          Rampage  .   (gloves currently unavailable)
Will    .....                   (boots currently unavailable)
Stlth   ++........              H - amulet of Curiosity {Faith Str+4}
HPRegen 0.29/turn               G - ring of Jycang {rElec rCorr Dex+2}
MPRegen 0.19/turn               h - +6 ring of dexterity

@: about to teleport, ice-form, studying 2 skills
A: freezing attack, amphibious, boosted hp, large, demonic guardian 3, foul
stench 1, (sharp scales 2), (weakness stinger 3)
a: End Transformation, Renounce Religion


You were on level 12 of the Dungeon.
You worshipped Ru.
Ru was noncommittal.
You were a creature of crystalline ice.
You visited 3 branches of the dungeon, and saw 15 of its levels.
You also visited: Ossuary and Gauntlet.

You collected 1614 gold pieces.

Inventory:

Missiles
 k - a throwing net
Armour
 a - a +1 robe (melded)
 m - a +2 pair of boots (melded)
 v - the +2 helmet of Crawling {Int+4}
   (You found it in a Gauntlet)

   Int:       It affects your intelligence (+4).
 J - a +1 pair of boots of rampaging
 K - +2 swamp dragon scales
Jewellery
 b - a ring of poison resistance
 g - a ring of flight
 h - a +6 ring of dexterity (right front paw)
 u - a ring of see invisible
 w - a ring of protection from cold
 y - an amulet of the acrobat
 G - the ring of Jycang (left front paw) {rElec rCorr Dex+2}
   (You found it in a Gauntlet)

   [ring of resist corrosion]

   Dex:       It affects your dexterity (+2).
   rElec:     It insulates you from electricity.
   rCorr:     It protects you from acid and corrosion.
 H - the amulet of Curiosity (around neck) {Faith Str+4}
   (You found it in a Gauntlet)

   [amulet of faith]

   It allows you to gain divine favour quickly.
   Str:       It affects your strength (+4).
 I - an amulet of reflection
Wands
 c - a wand of paralysis (8)
 o - a wand of polymorph (18)
 p - a wand of charming (7)
 q - a wand of iceblast (10)
 z - a wand of digging (7)
 E - a wand of flame (32)
Scrolls
 e - 6 scrolls of teleportation
 n - a scroll of brand weapon
 t - 7 scrolls of enchant weapon
 x - a scroll of fog
 A - a scroll of magic mapping
 C - 5 scrolls of identify
 D - a scroll of amnesia
Potions
 d - a potion of haste
 f - 5 potions of heal wounds
 i - a potion of resistance
 j - 3 potions of degeneration
 l - 7 potions of curing
 r - 2 potions of attraction
 s - 4 potions of mutation
 B - 3 potions of brilliance
 F - a potion of lignification


   Skills:
 + Level 8.2 Fighting
 + Level 7.8 Dodging
 * Level 11.1 Unarmed Combat
 + Level 7.8 Spellcasting
 * Level 10.8 Transmutations
 - Level 5.0 Ice Magic
 - Level 1.0 Poison Magic


You had 19 spell levels left.
You knew the following spells:

 Your Spells              Type           Power      Damage    Failure   Level
a - Beastly Appendage     Tmut           82%        N/A       1%          1
b - Spider Form           Tmut/Pois      25%        N/A       3%          3
c - Ice Form              Ice/Tmut       31%        N/A       4%          4

Your spell library contained the following spells:

 Spells                   Type           Power      Damage    Failure   Level
 Wereblood                Tmut           41%        N/A       1%          2
 Ozocubu's Armour         Ice            22%        N/A       4%          3
 Magic Dart               Conj           24%        1d4       12%         1
 Blink                    Tloc           12%        N/A       17%         2
 Searing Ray              Conj           12%        2d4       17%         2
 Static Discharge         Conj/Air       6%         N/A       17%         2
 Call Canine Familiar     Summ           6%         N/A       34%         3
 Lesser Beckoning         Tloc           6%         N/A       34%         3
 Portal Projectile        Hex/Tloc       12%        N/A       34%         3
 Dispel Undead            Necr           6%         3d8       75%         4
 Fulminant Prism          Conj/Hex       3%         3d6       75%         4
 Leda's Liquefaction      Hex/Erth       3%         N/A       75%         4
 Sticky Flame             Conj/Fire      6%         2d3       75%         4
 Manifold Assault         Tloc           6%         N/A       97%         5
 Ozocubu's Refrigeration  Ice            11%        4d7       100%        7


Dungeon Overview and Level Annotations

Branches:
Dungeon (12/15)            Temple (1/1) D:4            Lair (2/6) D:9
    Orc (0/2) D:12        Ossuary (visited)         Gauntlet (visited)
  Swamp: Lair:2-4    Shoals: Lair:2-4     Snake: Lair:2-4    Spider: Lair:2-4

Altars:
Ashenzari
Cheibriados
Dithmenos
Elyvilon
Fedhas
Gozag
Hepliaklqana
Kikubaaqudgha
Makhleb
Nemelex Xobeh
Okawaru
Qazlal
Ru
Sif Muna
Trog
Uskayaw
Vehumet
Wu Jian
Xom
Yredelemnul
Zin
The Shining One
Beogh

Portals:
Trove: D:11 (give 7 potions of haste)

Annotations:
D:6 Eustachio
D:12 exclusion: vampire


Innate Abilities, Weirdness & Mutations

You are a creature of crystalline ice.
You have a powerful freezing melee attack.
You are amphibious.
Your maximum health is increased.
Your armour is entirely melded.
You are incapable of wielding weapons or throwing items.
A powerful demonic guardian rushes to your aid.
You may rarely emit foul miasma when damaged in melee.
((You are mostly covered in razor-sharp scales. (AC +2, Slay +2)))
((You have a sharp stinger which inflicts weakening toxins.))


Message History

You destroy the vampire mosquito!
The vampire mosquito bites you!
The vampire mosquito draws strength from your injuries!
You are too injured to fight recklessly!
You are too injured to fight recklessly!
You are too injured to fight recklessly!
You are too injured to fight recklessly!
You are too injured to fight recklessly!
You are too injured to fight recklessly!
You are too injured to fight recklessly!
You are too injured to fight recklessly!
You are too injured to fight recklessly!
You pummel the vampire mosquito!! You freeze the vampire mosquito!
You destroy the vampire mosquito!
You punch the boulder beetle! You freeze the boulder beetle.
The boulder beetle is moderately wounded.
The boulder beetle hits you!!!
* * * LOW HITPOINT WARNING * * *
The boulder beetle stops rolling and uncurls.
You hit the boulder beetle. You freeze the boulder beetle.
The boulder beetle is moderately wounded.
The boulder beetle closely misses you.
You hit the boulder beetle but do no damage.
The boulder beetle is moderately wounded.
The boulder beetle bites you.
* * * LOW HITPOINT WARNING * * *
You completely miss the boulder beetle.
The boulder beetle is moderately wounded.
You hit the boulder beetle but do no damage.
The boulder beetle is moderately wounded.
The boulder beetle bites you!
* * * LOW HITPOINT WARNING * * *
A demonic guardian appears!
As you read the scroll of teleportation, it crumbles to dust.
You feel strangely unstable. The boulder beetle closely misses you.
Your balrug hits the boulder beetle but does no damage.
Your surroundings suddenly seem different.
As you read the scroll of teleportation, it crumbles to dust.
You feel strangely unstable. The boulder beetle bites you!!
You die...

#.........# #.# *.# #.........#
#.# *.# #.........# #.# *.#
#.........# #.# *.# #.(....)..#
#.# *.# #.........# #.# *.#
###.........########.##########.#
...........<....)B..........B2†..
##.#######.#####Y################
#.# #.# #.# #.# #.# #.# #.# #.#
#.# #.#######.#####.#
#"..............#
#.#############.# #.# #.# #.# #.#


You could see a boulder beetle.

Vanquished Creatures
  4 hydras
  A boulder beetle (D:11)
  2 two-headed ogres (D:12)
  Nergalle (D:12)
  3 sixfirhies (Gauntlet)
  A wizard (Gauntlet)
  Pikel (D:8)
  3 cyclopes
  5 cane toads
  A komodo dragon (Lair:1)
  An unseen horror (D:10)
  A kobold demonologist (D:12)
  A guardian mummy (D:11)
  2 trolls (D:9)
  Prince Ribbit (D:6)
  8 blink frogs
  Sigmund (D:3)
  2 shadows
  5 flying skulls (Gauntlet)
  2 wraiths (D:11)
  A wyvern (D:9)
  26 yaks
  3 vampire mosquitoes (D:12)
  2 acid dragons
  6 water moccasins
  A sky beast (D:6)
  4 orc warriors
  2 black bears (D:7)
  A necrophage (D:5)
  2 ogres
  7 wolves (Lair:1)
  3 centaurs
  4 lemures (D:8)
  2 phantoms (D:5)
  A kobold brigand (D:6)
  5 bullfrogs
  3 gnoll sergeants
  3 scorpions
  A water moccasin skeleton (D:4)
  8 killer bees
  3 electric eels
  2 howler monkeys
  9 hounds
  3 centaur zombies
  A jelly (D:4)
  5 orc priests
  3 bullfrog skeletons
  A gnoll shaman (D:7)
  Jessica (D:2)
  2 iguanas (D:5)
  A scorpion zombie (D:5)
  7 orc wizards
  3 hell rats (Lair:1)
  A mummy (Ossuary)
  16 gnolls
  A howler monkey skeleton (D:6)
  7 river rats (Lair:1)
  7 adders
  4 white imps
  An adder skeleton (D:4)
  A dart slug (D:2)
  27 orcs
  3 spectral bats (Ossuary)
  5 ball pythons
  6 endoplasms
  3 giant cockroaches
  12 gnoll zombies (Ossuary)
  9 hobgoblins
  2 jackals (D:4)
  17 kobolds
  3 quokkas
  3 bats
  4 bat simulacra (Ossuary)
  6 frilled lizards
  6 goblins
  A goblin simulacrum (Ossuary)
  4 goblin zombies (Ossuary)
  6 hobgoblin zombies (Ossuary)
  3 kobold simulacra (Ossuary)
  4 kobold zombies (Ossuary)
  4 orc zombies (Ossuary)
  13 rats
  2 rat simulacra (Ossuary)
  4 spectral kobolds (Ossuary)
  6 spectral rats (Ossuary)
363 creatures vanquished.

Vanquished Creatures (collateral kills)
  A minotaur (Gauntlet)
  A lindwurm (Lair:2)
  A centaur zombie (D:11)
  Grinder (D:3)
  A flying skull (Gauntlet)
  3 yaks (Lair:1)
  A water moccasin (Lair:1)
  A hornet zombie (D:5)
  A kobold brigand (D:4)
  A killer bee (D:8)
  3 gnolls
  An orc (D:6)
  12 kobolds (D:4)
28 creatures vanquished.

Vanquished Creatures (others)
  A lindwurm (Lair:2)
  7 fungi (Lair:1)
  32 plants
40 creatures vanquished.

Grand Total: 431 creatures vanquished

Notes
Turn   | Place    | Note
-------+----------+-------------------------------------------
     0 | D:1      | kae the Demonspawn Transmuter began the quest for the Orb.
     0 | D:1      | Reached XP level 1. HP: 15/15 MP: 3/3
   232 | D:1      | You fall into a shaft and drop 1 floor!
   399 | D:2      | Gained mutation: You have a small tail. [demonic ancestry]
   399 | D:2      | Reached XP level 2. HP: 6/21 MP: 3/5
   811 | D:1      | Reached skill level 3 in Unarmed Combat
  1379 | D:1      | Reached XP level 3. HP: 25/26 MP: 4/6
  1383 | D:1      | Learned a level 3 spell: Spider Form
  1454 | D:1      | Found a faded altar of an unknown god.
  2161 | D:2      | Gained mutation: A weak demonic guardian rushes to your
                  | aid. [demonic ancestry]
  2161 | D:2      | Reached XP level 4. HP: 32/32 MP: 5/7
  2674 | D:2      | Noticed Jessica
  2686 | D:2      | Killed Jessica
  2687 | D:2      | Reached skill level 1 in Poison Magic
  3617 | D:3      | Noticed Grinder
  3713 | D:3      | Noticed Sigmund
  3728 | D:3      | Killed Sigmund
  3729 | D:3      | Reached skill level 4 in Unarmed Combat
  3729 | D:3      | Gained mutation: You may rarely emit foul miasma when
                  | damaged in melee. [demonic ancestry]
  3729 | D:3      | Reached XP level 5. HP: 27/38 MP: 5/9
  3729 | D:3      | Gained mutation: A demonic guardian rushes to your aid.
                  | [demonic ancestry]
  3729 | D:3      | Reached XP level 6. HP: 31/44 MP: 5/10
  4432 | D:3      | Paralysed by Grinder for 5 turns
  4450 | D:3      | Killed Grinder
  4451 | D:3      | Gained mutation: You have a tail ending in a sharp stinger.
                  | [demonic ancestry]
  4451 | D:3      | Reached XP level 7. HP: 10/51 MP: 9/11
  5547 | D:4      | Found a shadowy altar of Dithmenos.
  5622 | D:4      | Found a staircase to the Ecumenical Temple.
  5640 | D:4      | Found a radiant altar of Vehumet.
  5651 | Temple   | Entered the Ecumenical Temple
  6625 | D:5      | Entered Level 5 of the Dungeon
  6644 | D:5      | Reached skill level 5 in Unarmed Combat
  6719 | D:5      | Found a sacrificial altar of Ru.
  6728 | D:5      | Found a shimmering altar of Xom.
  6737 | D:5      | Became a worshipper of Ru the Awakened
  7029 | D:5      | Gained mutation: You are partially covered in razor-sharp
                  | scales. (AC +1, Slay +1) [demonic ancestry]
  7029 | D:5      | Reached XP level 8. HP: 52/58 MP: 10/13
  7142 | D:5      | Reached skill level 5 in Transmutations
  8109 | D:6      | Reached skill level 6 in Unarmed Combat
  8354 | D:6      | Noticed Eustachio
  8445 | D:6      | Noticed Prince Ribbit
  8469 | D:6      | Killed Prince Ribbit
  8470 | D:6      | Reached XP level 9. HP: 34/66 MP: 15/15
  8781 | D:6      | Noticed a death knight
  9056 | D:5      | Learned a level 4 spell: Ice Form
  9704 | D:6      | Found a basalt altar of Yredelemnul.
  9707 | D:6      | Found an iron altar of Okawaru.
  9995 | D:7      | Reached skill level 1 in Ice Magic
 10019 | D:7      | Identified a scroll of acquirement
 10019 | D:7      | Acquired 660 gold pieces
 10052 | D:7      | Found a hazy altar of Hepliaklqana.
 10085 | D:7      | Found a sand-covered staircase.
 10092 | Ossuary  | Entered an ossuary
 11128 | D:7      | Reached skill level 7 in Unarmed Combat
 11361 | D:7      | Found a shimmering blue altar of Sif Muna.
 11686 | D:8      | Noticed Pikel
 11855 | D:8      | Killed Pikel
 11856 | D:8      | Reached skill level 5 in Fighting
 11968 | D:8      | Found a sparkling altar of Nemelex Xobeh.
 12001 | D:8      | Reached skill level 5 in Dodging
 12007 | D:8      | Reached skill level 5 in Spellcasting
 12073 | D:8      | Gained mutation: A powerful demonic guardian rushes to your
                  | aid. [demonic ancestry]
 12073 | D:8      | Reached XP level 10. HP: 55/74 MP: 17/17
 13394 | D:9      | Found a staircase to the Lair.
 13644 | D:9      | Found an ancient bone altar of Kikubaaqudgha.
 14119 | D:9      | Reached skill level 8 in Unarmed Combat
 15035 | D:10     | Entered Level 10 of the Dungeon
 15441 | D:10     | Reached skill level 5 in Ice Magic
 15918 | D:10     | Gained mutation: You have a sharp stinger which inflicts
                  | weakening toxins. [demonic ancestry]
 15918 | D:10     | Reached XP level 11. HP: 61/81 MP: 15/19
 17104 | D:11     | Noticed a six-headed hydra
 17116 | D:11     | Killed a six-headed hydra
 17255 | D:11     | Noticed an eight-headed hydra
 17264 | D:11     | Killed an eight-headed hydra
 17767 | D:11     | Noticed a boulder beetle
 17777 | D:11     | Killed a boulder beetle
 17789 | D:11     | Reached skill level 9 in Unarmed Combat
 17931 | D:11     | Found a portal to a secret trove of treasure.
 18864 | Lair:1   | Entered Level 1 of the Lair of Beasts
 18929 | Lair:1   | Noticed a four-headed hydra
 18938 | Lair:1   | Killed a four-headed hydra
 19856 | Lair:1   | Reached XP level 12. HP: 31/91 MP: 22/22
 20875 | Lair:1   | Reached skill level 10 in Unarmed Combat
 22166 | Lair:2   | Noticed a four-headed hydra
 22177 | Lair:2   | Killed a four-headed hydra
 22877 | Lair:2   | Reached skill level 10 in Transmutations
 23519 | Lair:2   | Found the +12 glaive of Prune {vorpal}
 24718 | D:12     | Noticed Nergalle
 24739 | D:12     | Killed Nergalle
 24752 | D:12     | Found a staircase to the Orcish Mines.
 24864 | D:12     | Found a gate leading to a gauntlet.
 24964 | Gauntlet | Entered a Gauntlet
 24964 | Gauntlet | Found a large runed translucent door.
 24964 | Gauntlet | Found a large runed translucent door.
 24964 | Gauntlet | Found a large runed translucent door.
 24964 | Gauntlet | Found a transporter.
 24964 | Gauntlet | Found a large runed translucent door.
 24964 | Gauntlet | Found a runed translucent door.
 24964 | Gauntlet | Found a large runed translucent door.
 24964 | Gauntlet | Found a large runed translucent door.
 24964 | Gauntlet | Found a large runed translucent door.
 24964 | Gauntlet | Found a large runed translucent door.
 24964 | Gauntlet | Found a runed translucent gate.
 24964 | Gauntlet | Found a runed translucent gate.
 24964 | Gauntlet | Found a transporter.
 24964 | Gauntlet | Found a transporter.
 25000 | Gauntlet | Found a transporter.
 25003 | Gauntlet | Found a transporter.
 25011 | Gauntlet | Found a transporter.
 25014 | Gauntlet | Found a transporter.
 25022 | Gauntlet | Found a transporter.
 25042 | Gauntlet | Found a transporter.
 25062 | Gauntlet | Found a transporter.
 25063 | Gauntlet | Found a transporter.
 25074 | Gauntlet | Found a transporter.
 25078 | Gauntlet | Found a runed translucent gate.
 25079 | Gauntlet | Found a large runed translucent door.
 25079 | Gauntlet | Found a large runed translucent door.
 25080 | Gauntlet | Found a large runed translucent door.
 25081 | Gauntlet | Found a large runed translucent door.
 25082 | Gauntlet | Found a large runed translucent door.
 25082 | Gauntlet | Found a large runed translucent door.
 25082 | Gauntlet | Found a runed translucent door.
 25083 | Gauntlet | Found a large runed translucent door.
 25084 | Gauntlet | Found a large runed translucent door.
 25195 | Gauntlet | Identified the ring of Jycang {rElec rCorr Dex+2}
 25770 | Gauntlet | Identified the amulet of Curiosity {Faith Str+4}
 26146 | Gauntlet | Noticed a minotaur
 26156 | Gauntlet | Killed a minotaur
 26168 | Gauntlet | Identified the +2 helmet of Crawling {Int+4}
 26174 | Gauntlet | Identified the +1 ring mail of Dudywa {Drain rC+++ rN+
                  | Int-4}
 26558 | D:12     | Noticed a two-headed ogre
 26568 | D:12     | Killed a two-headed ogre
 26866 | D:12     | Reached skill level 11 in Unarmed Combat
 27586 | D:12     | Noticed a two-headed ogre
 27595 | D:12     | Killed a two-headed ogre
 27596 | D:12     | Gained mutation: You are mostly covered in razor-sharp
                  | scales. (AC +2, Slay +2) [demonic ancestry]
 27596 | D:12     | Reached XP level 13. HP: 86/98 MP: 20/24
 27753 | D:12     | Slain by a boulder beetle

Illustrated notes

Levels and vault maps discovered:
D:1:      lightli_arrival_farm, layout_basic, ebering_ecumenical_altar_box
D:2:      layout_basic, uniq_jessica
D:3:      layout_loops_ring, dk_vineyard_3, uniq_grinder, uniq_sigmund
D:4:      kennysheep_kobold_camp, layout_basic, zin_treasury,
          mainiacjoe_overflow_brackets, grunt_dithmenos_smoke,
          minmay_temple_entry_butterflies
D:5:      layout_rooms, lemuel_crystal_altar, xom_teletrap_fun,
          chequers_serial_rivers_small_b
D:6:      layout_gridville, minitemple, serial_park_tiny_pond,
          minmay_manual_mandibuliform, uniq_prince_ribbit1, uniq_eustachio
D:7:      layout_basic, mainiacjoe_overflow_alcove_1, kennysheep_orc_sif_temple,
          nicolae_ossuary_entry_monument
D:8:      layout_cave_pools, mainiacjoe_overflow_alcove_2,
          minmay_tree_intersection, grunt_ministairs_8, uniq_pikel
D:9:      layout_loops_ring, kiku_gazebo_pond_becter, erik_lair_island,
          nrook_uturn
D:10:     layout_stronghold, nrook_mini_vaults, grunt_decor_junction
D:11:     layout_irregular_city, nicolae_trove_entry_path_of_doom
D:12:     layout_small_grid, minmay_orc_entry_temple_small,
          gauntlet_entry_generic, uniq_nergalle
Temple:   minmay_freezing_vapour_temple
Lair:1:   layout_regular_city, kennysheep_abandoned_house
Lair:2:   layout_chaotic_city, chequers_serial_rivers_large_b,
          wad_woods_river_03, minmay_lindwurm_lava

Skill      XL: |  1  2  3  4  5  6  7  8  9 10 11 12 |
---------------+-------------------------------------+-----
Transmutations | 2 3 4 5 7 8 9 10 | 10.8
Dodging        | 2 3 4 5 6 7 |  7.8
Unarmed Combat | 3 4 5 6 7 8 9 11 | 11.1
Poison Magic   | 1 |  1.0
Fighting       | 2 3 4 5 6 7 8 |  8.2
Spellcasting   | 3 4 5 6 7 |  7.8
Ice Magic      | 3 5 |  5.0

Action                   |  1- 3 |  4- 6 |  7- 9 | 10-12 | 13-15 || total
-------------------------+-------+-------+-------+-------+-------++-------
Melee: Unarmed           |    92 |    89 |   447 |   551 |    13 ||  1192
       Kick              |    12 |    15 |    13 |       |       ||    40
       Headbutt          |     4 |     7 |    11 |       |       ||    22
       Tailslap          |     6 |     5 |    16 |     3 |       ||    30
       Punch             |       |     2 |     5 |     2 |       ||     9
 Cast: Beastly Appendage |    18 |    17 |    13 |       |       ||    48
       Spider Form       |       |     5 |    34 |       |       ||    39
       Ice Form          |       |       |    15 |    62 |     1 ||    78
Invok: Reject Sacrifices |       |       |     1 |     1 |       ||     2
Evoke: Wand              |       |       |     8 |    10 |       ||    18
  Use: Scroll            |     1 |     1 |    15 |     8 |     2 ||    27
       Potion            |       |     1 |     5 |     1 |       ||     7
 Stab: Sleeping          |       |     2 |     4 |     1 |       ||     7
       Distracted        |       |     1 |       |     2 |       ||     3
       Paralysed         |       |       |       |     1 |       ||     1
Armor: Robe              |    21 |     7 |    33 |     3 |       ||    64
       Skin              |       |     2 |    44 |   150 |     1 ||   197
Dodge: Dodged            |    63 |    59 |   304 |   352 |    10 ||   788

Table legend: (Time is in decaauts)
 A = Elapsed time spent in this place.
 B = Non-inter-level travel time spent in this place.
 C = Inter-level travel time spent in this place.
 D = Time resting spent in this place.
 E = Time spent auto-exploring this place.
 F = Levels seen in this place.
 G = Mean time per level.
                   A        B        C        D        E       F      G
               +--------+--------+--------+--------+--------+-----+--------+
         Total |  27670 |  26814 |    856 |   3028 |  20499 |  17 | 1627.6 |
       Dungeon |  19742 |  19003 |    739 |   1432 |  15124 |  12 | 1645.2 |
        Temple |     53 |     49 |      4 |     24 |     15 |   1 |   53.0 |
          Lair |   5743 |   5631 |    112 |   1124 |   4045 |   2 | 2871.5 |
       Ossuary |    802 |    802 |      0 |     65 |    564 |   1 |  802.0 |
      Gauntlet |   1328 |   1328 |      0 |    382 |    750 |   1 | 1328.0 |
               +--------+--------+--------+--------+--------+-----+--------+

Top non-repeatable levels by time:
  Lair:1: 3522 daAuts
  Lair:2: 2220 daAuts
     D:2: 2196 daAuts
    D:10: 2084 daAuts
    D:11: 2045 daAuts
     D:5: 1973 daAuts
     D:9: 1960 daAuts
     D:4: 1672 daAuts
     D:8: 1482 daAuts
     D:1: 1424 daAuts
    D:12: 1410 daAuts
Gauntlet: 1328 daAuts
     D:3: 1292 daAuts
     D:6: 1213 daAuts
     D:7: 986 daAuts
